 Dungeon Crawl Stone Soup version 0.30-a0-172-gc5509c9e31 (webtiles) character file.

Game seed: 14974374397696053060

1 LnG the Caller (level 1, 0/10 HPs)
             Began as a Kobold Summoner on Oct 1, 2022.
             Slain by an endoplasm (2 damage)
             ... on level 2 of the Dungeon.
             The game lasted 00:00:42 (121 turns).

LnG the Caller (Kobold Summoner)                     Turns: 121, Time: 00:00:44

Health: 0/10       AC:  2    Str:  5    XL:     1   Next: 22%
Magic:  1/3        EV: 15    Int: 16    God:
Gold:   7          SH:  0    Dex: 15    Spells: 3/4 levels left

rFire   . . .      SeeInvis .    c - +0 dagger
rCold   . . .      Faith    .    (no shield)
rNeg    . . .      Spirit   .    a - +0 robe
rPois   .          Reflect  .    (no helmet)
rElec   .          Harm     .    (no cloak)
rCorr   .          Rampage  .    (no gloves)
Will    .....                    (no boots)
Stlth   +++.......               (no amulet)
HPRegen 0.21/turn                (no ring)
MPRegen 0.08/turn                (no ring)

@: no status effects
A: small, no large weapons, nightstalker 3
a: no special abilities


You were on level 2 of the Dungeon.
You visited 1 branch of the dungeon, and saw 2 of its levels.

You collected 7 gold pieces.

Inventory:

Hand Weapons
 c - a +0 dagger (weapon)
Armour
 a - a +0 robe (worn)
Potions
 b - a potion of magic


   Skills:
 + Level 2.4 Dodging
 + Level 2.6 Stealth
 + Level 2.3 Spellcasting
 + Level 4.0 Summonings


You had 3 spell levels left.
You knew the following spells:

 Your Spells              Type           Power      Damage    Failure   Level
a - Summon Small Mammal   Summ           56%        N/A       4%          1

Your spell library contained the following spells:

 Spells                   Type           Power      Damage    Failure   Level
 Call Imp                 Summ           14%        N/A       6%          2
 Call Canine Familiar     Summ           14%        N/A       12%         3
 Summon Guardian Golem    Hex/Summ       8%         N/A       26%         3
 Summon Lightning Spire   Summ/Air       8%         N/A       65%         4


Dungeon Overview and Level Annotations

Branches:
Dungeon (2/15)

Altars:


Innate Abilities, Weirdness & Mutations

You are small and have problems with some larger weapons.
You are completely attuned to the shadows.


Message History

You miss the quokka.
The quokka is moderately wounded.
The quokka barely misses you.
You barely miss the quokka.
The quokka is moderately wounded.
The quokka bites you.
Your quokka bites the quokka.
The quokka barely misses you.
You hit the quokka.
You kill the quokka!
You start resting.
HP restored.
You start resting.
Magic restored.
Your quokka disappears in a puff of smoke!
A hobgoblin comes into view.
The gnoll hits you from afar with a +0 spear.
There is an open door here.
An endoplasm comes into view.
A hobgoblin comes into view.
The hobgoblin drinks a potion.
The hobgoblin flickers and vanishes!
Deactivating autopickup; reactivate with Ctrl-A.
Something hits you.
There is a stone staircase leading down here.
Something hits you. The endoplasm closely misses you.
You climb downwards.
Reactivating autopickup.
The ball python hisses angrily.
Found a scroll labelled ITIZACR IGHOCH and a scroll labelled QYROES FUTER.
There is a stone staircase leading up here.
Casting: Summon Small Mammal (safe; 4% risk of failure)
Confirm with . or Enter, or press ? or * to list all spells.
Something barely misses you. The endoplasm freezes you.
You are frozen.
Ouch! That really hurt!
Casting: Summon Small Mammal (safe; 4% risk of failure)
Confirm with . or Enter, or press ? or * to list all spells.
Something hits you.
* * * LOW HITPOINT WARNING * * *
Deactivating autopickup; reactivate with Ctrl-A.
The endoplasm hits you.
You die...

########
.......
##...S #
.?...#.##
#@.r..
..r.bJ...
.........
........?
.........


You could see an endoplasm (ally target), a quokka, a ball python, a friendly
bat (summoned) and a friendly rat (summoned).

Vanquished Creatures
  A quokka (D:1)
1 creature vanquished.

Notes
Turn   | Place    | Note
-------+----------+-------------------------------------------
     0 | D:1      | LnG the Kobold Summoner began the quest for the Orb.
     0 | D:1      | Reached XP level 1. HP: 10/10 MP: 3/3
   121 | D:2      | Slain by an endoplasm

Illustrated notes

Levels and vault maps discovered:
D:1:      mushboom_english_gardens, layout_rooms, chequers_serial_rivers_room_b
D:2:      kb_forest_paths, layout_basic, dreamdust_ecumenical_altar_grove,
          basic_altar, serial_bayou_lake_a, uniq_robin, uniq_jessica

Action                   || total
-------------------------++-------
Melee: Dagger            ||     4
 Cast: Summon Small Mamm ||     6
Dodge: Dodged            ||    10

Table legend: (Time is in decaauts)
 A = Elapsed time spent in this place.
 B = Non-inter-level travel time spent in this place.
 C = Inter-level travel time spent in this place.
 D = Time resting spent in this place.
 E = Time spent auto-exploring this place.
 F = Levels seen in this place.
 G = Mean time per level.
                   A        B        C        D        E       F      G
               +--------+--------+--------+--------+--------+-----+--------+
         Total |    120 |    109 |     11 |     26 |     41 |   2 |   60.0 |
       Dungeon |    120 |    109 |     11 |     26 |     41 |   2 |   60.0 |
               +--------+--------+--------+--------+--------+-----+--------+

Top non-repeatable levels by time:
     D:1: 118 daAuts
     D:2: 1 daAuts
